 Dungeon Crawl Stone Soup version 0.27.1-3-gb3d3a73c9e (webtiles) character file.

Game seed: 17094910486200498618

117 Urokeeper the Sneak (level 4, 0/40 HPs)
             Began as a Deep Dwarf Brigand on Oct 5, 2021.
             Slain by a gnoll (12 damage)
             ... on level 3 of the Dungeon.
             The game lasted 00:07:43 (1654 turns).

Urokeeper the Sneak (Deep Dwarf Brigand)            Turns: 1654, Time: 00:07:44

Health: 0/40       AC:  7    Str: 15    XL:     4   Next: 71%
Magic:  4/4        EV: 10    Int: 12    God:
Gold:   127        SH:  0    Dex: 14    Spells: 3/3 levels left

rFire    . . .     SeeInvis .   v - +1 dagger (venom)
rCold    . . .     Faith    .   (no shield)
rNeg     . . .     Spirit   .   o - +0 scale mail
rPois    .         Reflect  .   (no helmet)
rElec    .         Harm     .   c - +0 cloak
rCorr    .         Rampage  .   (no gloves)
Will     .....                  (no boots)
Stlth    ++........             (no amulet)
HPRegen  0.00/turn              (no ring)
MPRegen  0.09/turn              (no ring)

@: no status effects
A: damage resistance, heal wounds, sense surroundings 1, no regeneration
a: Heal Wounds


You were on level 3 of the Dungeon.
You visited 1 branch of the dungeon, and saw 3 of its levels.

You collected 127 gold pieces.

Inventory:

Hand Weapons
 a - a +2 dagger
 m - a +0 short sword
 s - a +0 hunting sling
 v - a +1 dagger of venom (weapon)
Missiles
 d - 8 poisoned darts (quivered)
 e - 2 curare-tipped darts
 g - 3 javelins
 t - 92 stones
Armour
 b - a +0 robe
 c - a +0 cloak (worn)
 o - a +0 scale mail (worn)
 q - a +0 helmet
 r - a +0 ring mail
Jewellery
 p - an amulet of magic regeneration
Scrolls
 i - a scroll of enchant armour {unknown}
Potions
 f - a potion of degeneration {unknown}
 h - 4 potions of heal wounds {unknown}
 j - 2 potions of lignification {unknown}
 k - 2 potions of curing {unknown}
 l - a potion of might {unknown}
 n - a potion of haste {unknown}
 u - a potion of berserk rage {unknown}


   Skills:
 + Level 2.5 Fighting
 - Level 1.7(2.1) Short Blades
 + Level 1.7(2.2) Long Blades
 - Level 1.7 Throwing
 + Level 1.9 Armour
 + Level 2.3 Dodging
 + Level 5.5 Stealth


You had 3 spell levels left.
You didn't know any spells.
Your spell library contained the following spells:

 Spells                   Type           Power      Damage    Failure   Level
 Summon Small Mammal      Summ           0%         N/A       78%         1
 Call Canine Familiar     Summ           0%         N/A       98%         3
 Summon Guardian Golem    Hex/Summ       0%         N/A       98%         3


Dungeon Overview and Level Annotations

Branches:
Dungeon (3/15)

Altars:
Kikubaaqudgha

Shops:
D:2 ?


Innate Abilities, Weirdness & Mutations

You are resistant to damage.
You can heal yourself by infusing magical energy.
You passively map a small area around you.
You do not regenerate.


Message History

There is a stone staircase leading down here.
There is an open door here.
There is an open door here.
Done exploring.
Done exploring.
No target in view!
Okay, then.
Done exploring.
There is an open door here.
There is an open door here.
There is a stone staircase leading down here.
You climb downwards.
There is a stone staircase leading up here.
A gnoll comes into view. It is wielding a +0 club.
A gnoll comes into view. It is wielding a +0 halberd.
A gnoll comes into view. It is wielding a +0 flail.
A gnoll comes into view. It is wielding a +0 halberd.
The gnoll shouts!
The gnoll shouts!
You hear an angry hiss.
The gnoll hits you but does no damage.
A ball python comes into view.
The gnoll shouts!
You hit the gnoll but do no damage.
The gnoll is poisoned.
The gnoll closely misses you.
You hit the gnoll.
The gnoll looks even sicker.
The gnoll is severely wounded.
The gnoll barely misses you.
You hit the gnoll but do no damage.
The gnoll is severely wounded.
You kill the gnoll!
You closely miss the gnoll. The gnoll misses you.
You hit the gnoll.
The gnoll is poisoned.
The gnoll is lightly wounded.
The gnoll hits you from afar with a +0 halberd!
You hit the gnoll.
The gnoll looks as sick as possible!
The gnoll is heavily wounded.
The gnoll hits you with a +0 flail!
* * * LOW HITPOINT WARNING * * *
The gnoll hits you from afar with a +0 halberd!
You die...

, , , , * , , ,
** * * ,, ,, ,,
.. * * ... ,
### .... ,
#<####...# *
#@#......# ,
#g#....... , ,,
###g#.....## ,
#.gS........ *
#.#.########..
*
#.#.......##.#*
*
#,#.###......#
, *,
#..........#
#.###......#


You could see 3 gnolls and a ball python.

Vanquished Creatures
  Terence (D:2)
  Robin (D:2)
  A gnoll (D:3)
  An adder (D:2)
  2 dart slugs (D:1)
  5 bats (D:2)
  5 endoplasms
  3 giant cockroaches (D:2)
  12 goblins
  7 hobgoblins
  2 quokkas (D:2)
  2 ball pythons (D:2)
  2 frilled lizards (D:1)
  6 kobolds
  A rat (D:2)
51 creatures vanquished.

Notes
Turn   | Place    | Note
-------+----------+-------------------------------------------
     0 | D:1      | Urokeeper the Deep Dwarf Brigand began the quest for the
                  | Orb.
     0 | D:1      | Reached XP level 1. HP: 19/19 MP: 1/1
   151 | D:1      | Reached XP level 2. HP: 20/26 MP: 2/2
   242 | D:1      | Reached skill level 5 in Stealth
   467 | D:1      | Found a faded altar of an unknown god.
   603 | D:2      | Reached skill level 1 in Armour
   683 | D:2      | Reached skill level 1 in Long Blades
   780 | D:2      | Reached XP level 3. HP: 17/32 MP: 3/3
  1030 | D:2      | Found Xoerom's Magic Scroll Shop.
  1137 | D:2      | Noticed Robin
  1168 | D:2      | Noticed Terence
  1193 | D:2      | Killed Robin
  1203 | D:2      | Reached XP level 4. HP: 21/40 MP: 4/4
  1233 | D:2      | Killed Terence
  1290 | D:2      | Found an ancient bone altar of Kikubaaqudgha.
  1654 | D:3      | Slain by a gnoll

Illustrated notes

Levels and vault maps discovered:
D:1:      eino_arrival_tree_alley, layout_basic,
          shapermc_ecumenical_altar_notcrosses, skrybe_limestone_x,
          serial_bayou_pond_a, st_stairs_10
D:2:      layout_loops_corners, serial_shops, shop, minmay_hexomino_r4,
          uniq_terence, uniq_robin
D:3:      layout_basic, minivault_11

Skill      XL: |  1  2  3 |
---------------+----------+-----
Stealth        | 5 |  5.5
Fighting       | 2 |  2.5
Armour         | 1 |  1.9
Long Blades    | 1 |  1.7
Dodging        | 2 |  2.3
Short Blades   | |  1.7
Throwing       | |  1.7

Action                   |  1- 3 |  4- 6 || total
-------------------------+-------+-------++-------
Melee: Dagger            |   132 |    67 ||   199
Throw: Dart              |     4 |       ||     4
 Abil: Heal Wounds       |     2 |     2 ||     4
 Stab: Sleeping          |     8 |       ||     8
       Distracted        |     1 |       ||     1
Armor: Robe              |    18 |       ||    18
       Scale mail        |    41 |    36 ||    77
Dodge: Dodged            |    59 |    40 ||    99
